| TOP OF THE 1ST |
|
New Orleans Brass batting - Pitching for San Antonio Missions : RHP Jack Armstrong
|
|
Pitching: RHP Jack Armstrong
|
|
|
Batting: SHB Cecil Espy
|
0-0: Ball 1-0: Bunted foul 1-1: SINGLE (Groundball, 56, EV 96.9 MPH)
|
|
Batting: SHB Ruben Sierra
|
0-0: Ball 1-0: Fielders Choice at 2nd, 6-4 (Groundball, 6, EV 98.8 MPH)
|
|
Batting: RHB Scott Brosius
|
0-0: Ball 1-0: Foul Ball, location: 2F 1-1: Ball 2-1: Fly out, F8 (Flyball, 8LM, EV 86.9 MPH)
|
|
Batting: SHB Jose L Cruz
|
0-0: Ground out 4-3 (Groundball, 4, EV 100.6 MPH)
|
| Top of the 1st over - 0 runs, 1 hit, 0 errors, 1 left on base; New Orleans 0 - San Antonio 0 |
| BOTTOM OF THE 1ST |
|
San Antonio Missions batting - Pitching for New Orleans Brass : RHP Brian Holman
|
|
Pitching: RHP Brian Holman
|
|
|
Batting: LHB David Hulse
|
0-0: SINGLE (Groundball, 34D, EV 106.9 MPH)
|
|
Batting: RHB Eric Owens
|
0-0: Grounds into double play, 6-4-3 (Groundball, 6, EV 90.6 MPH)
|
|
Batting: RHB Damian Jackson
|
0-0: Called Strike 0-1: Ball 1-1: Ball 2-1: Swinging Strike 2-2: SINGLE (Line Drive, 6MD, EV 102.5 MPH)
|
|
Batting: LHB Troy Neel
|
0-0: Ball 1-0: Foul Ball, location: 2F 1-1: Swinging Strike 1-2: Strikes out swinging
|
| Bottom of the 1st over - 0 runs, 2 hits, 0 errors, 1 left on base; New Orleans 0 - San Antonio 0 |
| TOP OF THE 2ND |
|
New Orleans Brass batting - Pitching for San Antonio Missions : RHP Jack Armstrong
|
|
Batting: RHB Eric Karros
|
0-0: Ball 1-0: Called Strike 1-1: Ball 2-1: Ball 3-1: Foul Ball, location: 2F 3-2: Foul Ball, location: 2F 3-2: Base on Balls
|
|
Batting: SHB Jose Vidro
|
0-0: Ball 1-0: Ball 2-0: Swinging Strike 2-1: Grounds into double play, 4-6-3 (Groundball, 4M, EV 92.5 MPH)
|
|
Batting: LHB Greg Myers
|
0-0: Ball 1-0: Ball 2-0: Foul Ball, location: 2F 2-1: SINGLE (Groundball, 4MD, EV 110.6 MPH)
|
|
Batting: SHB Wilson Delgado
|
0-0: Called Strike 0-1: Foul Ball, location: 2F 0-2: Ball Wild Pitch! Greg Myers to second 1-2: Foul Ball, location: 2F 1-2: Foul Ball, location: 2F 1-2: Strikes out swinging
|
| Top of the 2nd over - 0 runs, 1 hit, 0 errors, 1 left on base; New Orleans 0 - San Antonio 0 |
| BOTTOM OF THE 2ND |
|
San Antonio Missions batting - Pitching for New Orleans Brass : RHP Brian Holman
|
|
Batting: SHB Bill Doran
|
0-0: Ground out 4-3 (Groundball, 4, EV 101.9 MPH)
|
|
Batting: RHB Kelly Stinnett
|
0-0: Ball 1-0: Foul Ball, location: 2F 1-1: Ball 2-1: Fly out, F8 (Flyball, 8RS, EV 90.6 MPH)
|
|
Batting: LHB Scott Livingstone
|
0-0: Ball 1-0: Ball 2-0: Ball 3-0: Called Strike 3-1: Swinging Strike 3-2: Base on Balls
|
|
Batting: RHB Luis Sojo
|
0-0: Ball 1-0: Called Strike 1-1: Ball 2-1: Called Strike 2-2: Foul Ball, location: 2F 2-2: Foul Ball, location: 2F 2-2: SINGLE (Groundball, 6MD, EV 94.4 MPH) Scott Livingstone to second Runner from 2nd tries for 3rd, SAFE, no throw by CF
|
|
Batting: RHB Mike Difelice
|
0-0: Fly out, F9 (Flyball, 89D, EV 101.3 MPH)
|
| Bottom of the 2nd over - 0 runs, 1 hit, 0 errors, 2 left on base; New Orleans 0 - San Antonio 0 |
| TOP OF THE 3RD |
|
New Orleans Brass batting - Pitching for San Antonio Missions : RHP Jack Armstrong
|
|
Batting: RHB Luis Ordaz
|
0-0: Called Strike 0-1: Foul Ball, location: 2F 0-2: Foul Ball, location: 2F 0-2: Ball 1-2: Ball 2-2: Ball 3-2: Ground out 6-3 (Groundball, 6, EV 106.3 MPH)
|
|
Batting: SHB Cecil Espy
|
0-0: Called Strike 0-1: Ball 1-1: Swinging Strike 1-2: Fly out, F9 (Line Drive, 9, EV 98.1 MPH)
|
|
Batting: SHB Ruben Sierra
|
0-0: Called Strike 0-1: Ball 1-1: Ground out 1-3 (Groundball, 25, EV 64.4 MPH)
|
| Top of the 3rd over - 0 runs, 0 hits, 0 errors, 0 left on base; New Orleans 0 - San Antonio 0 |
| BOTTOM OF THE 3RD |
|
San Antonio Missions batting - Pitching for New Orleans Brass : RHP Brian Holman
|
|
Batting: LHB David Hulse
|
0-0: Ground out 4-3 (Groundball, 4M, EV 85.6 MPH)
|
|
Batting: RHB Eric Owens
|
0-0: Ball 1-0: Ground out 4-3 (Groundball, 4, EV 87.5 MPH)
|
|
Batting: RHB Damian Jackson
|
0-0: Ball 1-0: Fly out, F8 (Line Drive, 8LM, EV 96.9 MPH)
|
| Bottom of the 3rd over - 0 runs, 0 hits, 0 errors, 0 left on base; New Orleans 0 - San Antonio 0 |
| TOP OF THE 4TH |
|
New Orleans Brass batting - Pitching for San Antonio Missions : RHP Jack Armstrong
|
|
Batting: RHB Scott Brosius
|
0-0: Called Strike 0-1: Ball 1-1: Ball 2-1: Ball 3-1: Ground out 1-3 (Groundball, 15S, EV 67.5 MPH)
|
|
Batting: SHB Jose L Cruz
|
0-0: Called Strike 0-1: Ball 1-1: Ball 2-1: Ball 3-1: DOUBLE (Flyball, 78XD, EV 107.5 MPH)
|
|
Batting: RHB Eric Karros
|
0-0: Called Strike 0-1: Foul Ball, location: 2F 0-2: Foul Ball, location: 2F 0-2: Foul Ball, location: 2F 0-2: Foul Ball, location: 2F 0-2: Ball 1-2: Ground out U3 (Groundball, 34, EV 83.8 MPH) Jose L Cruz to third
|
|
Batting: SHB Jose Vidro
|
0-0: SINGLE (Groundball, 6, EV 78.8 MPH) (infield hit) Jose L Cruz scores
|
|
Batting: LHB Greg Myers
|
0-0: Called Strike 0-1: Swinging Strike 0-2: Strikes out swinging
|
| Top of the 4th over - 1 run, 2 hits, 0 errors, 1 left on base; New Orleans 1 - San Antonio 0 |
| BOTTOM OF THE 4TH |
|
San Antonio Missions batting - Pitching for New Orleans Brass : RHP Brian Holman
|
|
Batting: LHB Troy Neel
|
0-0: Swinging Strike 0-1: Ball 1-1: Fly out, F8 (Flyball, 8RS, EV 82.5 MPH)
|
|
Batting: SHB Bill Doran
|
0-0: Ball 1-0: Foul Ball, location: 2F 1-1: Ball 2-1: Called Strike 2-2: Ball 3-2: Base on Balls
|
|
Batting: RHB Kelly Stinnett
|
0-0: Ball 1-0: Ball 2-0: Swinging Strike 2-1: Ball 3-1: Foul Ball, location: 2F 3-2: Base on Balls Bill Doran to second
|
|
Batting: LHB Scott Livingstone
|
0-0: Called Strike 0-1: Ball 1-1: Ball 2-1: Called Strike 2-2: Ball 3-2: Foul Ball, location: 2F 3-2: Base on Balls Bill Doran to third Kelly Stinnett to second
|
|
Batting: RHB Luis Sojo
|
0-0: Ball 1-0: Called Strike 1-1: Called Strike 1-2: Foul Ball, location: 2F 1-2: Fly out, F4 (Popup, 4M, EV 51.9 MPH)
|
|
Batting: RHB Mike Difelice
|
0-0: DOUBLE (Line Drive, 78XD, EV 110.0 MPH) Bill Doran scores Kelly Stinnett scores Scott Livingstone to third Runner from 3rd tries for Home, SAFE, no throw by CF
|
|
Batting: LHB David Hulse
|
0-0: Called Strike 0-1: Ball 1-1: SINGLE (Line Drive, 34, EV 98.8 MPH) Mike Difelice to third Runner from 3rd tries for Home, SAFE, no throw by RF
|
|
Batting: RHB Eric Owens
|
0-0: Called Strike 0-1: Swinging Strike 0-2: Ball Wild Pitch! David Hulse to second 1-2: Ball 2-2: Foul Ball, location: 2F 2-2: Foul Ball, location: 2F 2-2: Ball 3-2: Foul Ball, location: 2F 3-2: Base on Balls
|
|
Batting: RHB Damian Jackson
|
0-0: SINGLE (Line Drive, 78M, EV 87.5 MPH) David Hulse to third Eric Owens to second Runner from 3rd tries for Home, SAFE, throw by LF to home
|
|
Batting: LHB Troy Neel
|
0-0: Ball 1-0: Ball 2-0: Fielders Choice at 2nd, 4-6 (Groundball, 4MD, EV 108.1 MPH)
|
| Bottom of the 4th over - 5 runs, 3 hits, 0 errors, 2 left on base; New Orleans 1 - San Antonio 5 |
| TOP OF THE 5TH |
|
New Orleans Brass batting - Pitching for San Antonio Missions : RHP Jack Armstrong
|
|
Batting: SHB Wilson Delgado
|
0-0: Ball 1-0: Ball 2-0: Fly out, F7 (Flyball, 7S, EV 81.3 MPH)
|
|
Batting: RHB Luis Ordaz
|
0-0: Called Strike 0-1: Ball 1-1: Ball 2-1: Fly out, F7 (Flyball, 78M, EV 95.6 MPH)
|
|
Batting: SHB Cecil Espy
|
0-0: Ball 1-0: Ball 2-0: Foul Ball, location: 2F 2-1: Called Strike 2-2: Strikes out swinging
|
| Top of the 5th over - 0 runs, 0 hits, 0 errors, 0 left on base; New Orleans 1 - San Antonio 5 |
| BOTTOM OF THE 5TH |
|
San Antonio Missions batting - Pitching for New Orleans Brass : RHP Brian Holman
|
|
Batting: SHB Bill Doran
|
0-0: Called Strike 0-1: Ball 1-1: Ball 2-1: Foul Ball, location: 2F 2-2: Foul Ball, location: 2F 2-2: SINGLE (Line Drive, 78M, EV 108.1 MPH)
|
|
Batting: RHB Kelly Stinnett
|
0-0: Ball 1-0: Ball 2-0: Ball 3-0: Base on Balls Bill Doran to second
|
|
Pitching: RHP Todd Burns
|
|
|
Batting: LHB Scott Livingstone
|
0-0: Reached on error, E1 (Groundball, 13, EV 88.1 MPH) Bill Doran to third Kelly Stinnett to second
|
|
Batting: RHB Luis Sojo
|
0-0: Ball 1-0: Fly out, F8 (Flyball, 8LM, EV 81.9 MPH) Runner from 3rd tags up, SCORES, throw by CF
|
|
Batting: RHB Mike Difelice
|
0-0: SINGLE (Line Drive, 34, EV 95.0 MPH) Kelly Stinnett to third Scott Livingstone to second
|
|
Batting: LHB David Hulse
|
0-0: Foul Ball, location: 2F 0-1: Called Strike 0-2: Ball 1-2: Ball 2-2: Foul Ball, location: 2F 2-2: Ball 3-2: Grounds into double play, 3-6-3 (Groundball, 34, EV 90.6 MPH)
|
| Bottom of the 5th over - 1 run, 2 hits, 1 error, 2 left on base; New Orleans 1 - San Antonio 6 |
| TOP OF THE 6TH |
|
New Orleans Brass batting - Pitching for San Antonio Missions : RHP Jack Armstrong
|
|
Batting: SHB Ruben Sierra
|
0-0: DOUBLE (Groundball, 3L, EV 101.9 MPH)
|
|
Batting: RHB Scott Brosius
|
0-0: Ball 1-0: Called Strike 1-1: Ball 2-1: Called Strike 2-2: Foul Ball, location: 2F 2-2: Foul Ball, location: 2F 2-2: Foul Ball, location: 2F 2-2: Ball 3-2: Foul Ball, location: 2F 3-2: Base on Balls
|
|
Batting: SHB Jose L Cruz
|
0-0: Called Strike 0-1: Ball 1-1: DOUBLE (Line Drive, 7LM, EV 106.9 MPH) Ruben Sierra scores Scott Brosius to third
|
|
Batting: RHB Eric Karros
|
0-0: Ball 1-0: Ball 2-0: Fly out, F4 (Popup, 13, EV 75.6 MPH)
|
|
Batting: SHB Jose Vidro
|
0-0: Ball 1-0: Fly out, F4 (Popup, 4, EV 72.5 MPH)
|
|
Batting: LHB Greg Myers
|
0-0: Foul Ball, location: 2F 0-1: Called Strike 0-2: Strikes out swinging
|
| Top of the 6th over - 1 run, 2 hits, 0 errors, 2 left on base; New Orleans 2 - San Antonio 6 |
| BOTTOM OF THE 6TH |
|
San Antonio Missions batting - Pitching for New Orleans Brass : RHP Todd Burns
|
|
Batting: RHB Eric Owens
|
0-0: Ground out 5-3 (Groundball, 56S, EV 70.6 MPH)
|
|
Batting: RHB Damian Jackson
|
0-0: Swinging Strike 0-1: Foul Ball, location: 2F 0-2: DOUBLE (Line Drive, 9LM, EV 96.3 MPH)
|
|
Batting: LHB Troy Neel
|
0-0: Ball 1-0: Swinging Strike 1-1: Ball 2-1: Ball 3-1: Foul Ball, location: 2F 3-2: SINGLE (Groundball, 4MD, EV 97.5 MPH) Damian Jackson to third Runner from 3rd tries for Home, SAFE, throw by CF to home
|
|
Batting: SHB Bill Doran
|
0-0: Called Strike 0-1: Ball 1-1: Called Strike 1-2: Fly out, F7 (Flyball, 7LS, EV 87.5 MPH)
|
|
Batting: RHB Kelly Stinnett
|
0-0: Ball 1-0: Ball 2-0: Called Strike 2-1: Fielders Choice at 2nd, 5-4 (Groundball, 56, EV 98.1 MPH)
|
| Bottom of the 6th over - 1 run, 2 hits, 0 errors, 1 left on base; New Orleans 2 - San Antonio 7 |
| TOP OF THE 7TH |
|
New Orleans Brass batting - Pitching for San Antonio Missions : RHP Jack Armstrong
|
|
Pitching: RHP Brooks Kieschnick
|
|
|
Batting: SHB Wilson Delgado
|
0-0: Ball 1-0: Called Strike 1-1: Ball 2-1: SINGLE (Line Drive, 56, EV 94.4 MPH)
|
|
Batting: RHB Luis Ordaz
|
0-0: Ball Wild Pitch! Wilson Delgado to second 1-0: SINGLE (Groundball, 6M, EV 81.3 MPH) (infield hit) Wilson Delgado to third
|
|
Batting: SHB Cecil Espy
|
0-0: Called Strike 0-1: Ball 1-1: Ball 2-1: Called Strike 2-2: Strikes out looking
|
|
Batting: SHB Ruben Sierra
|
0-0: Called Strike 0-1: Swinging Strike 0-2: Fielders Choice at 2nd, 6-4 (Groundball, 6M, EV 90.0 MPH) Wilson Delgado scores
|
|
Batting: RHB Scott Brosius
|
0-0: Ball Ruben Sierra steals 2nd base 1-0: Ball 2-0: Ball 3-0: Base on Balls
|
|
Batting: SHB Jose L Cruz
|
0-0: Ball 1-0: Called Strike 1-1: Called Strike 1-2: Ball 2-2: Ball 3-2: Foul Ball, location: 2F 3-2: Base on Balls Ruben Sierra to third Scott Brosius to second
|
|
Batting: RHB Eric Karros
|
0-0: Foul Ball, location: 2F 0-1: Foul Ball, location: 2F 0-2: Fly out, F2 (Popup, 23F, EV 95.6 MPH)
|
| Top of the 7th over - 1 run, 2 hits, 0 errors, 3 left on base; New Orleans 3 - San Antonio 7 |
| BOTTOM OF THE 7TH |
|
San Antonio Missions batting - Pitching for New Orleans Brass : RHP Todd Burns
|
|
Batting: LHB Scott Livingstone
|
0-0: Ball 1-0: Ball 2-0: Ball 3-0: Called Strike 3-1: Ground out U3 (Groundball, 3, EV 90.0 MPH)
|
|
Batting: RHB Luis Sojo
|
0-0: Ground out 6-3 (Groundball, 6, EV 101.3 MPH)
|
|
Batting: RHB Mike Difelice
|
0-0: Called Strike 0-1: Ball 1-1: Ball 2-1: Foul Ball, location: 2F 2-2: Fly out, F8 (Flyball, 8LM, EV 84.4 MPH)
|
| Bottom of the 7th over - 0 runs, 0 hits, 0 errors, 0 left on base; New Orleans 3 - San Antonio 7 |
| TOP OF THE 8TH |
|
New Orleans Brass batting - Pitching for San Antonio Missions : RHP Brooks Kieschnick
|
|
Batting: SHB Jose Vidro
|
0-0: Ball 1-0: Ground out U3 (Groundball, 3L, EV 86.9 MPH)
|
|
Batting: LHB Greg Myers
|
0-0: SINGLE (Flyball, 78S, EV 90.6 MPH)
|
|
Pitching: RHP Bob Scanlan
|
|
|
Batting: SHB Wilson Delgado
|
0-0: Ball 1-0: Foul Ball, location: 2F 1-1: Fly out, F2 (Popup, 23F, EV 86.9 MPH)
|
|
Batting: RHB Luis Ordaz
|
0-0: Ball 1-0: Called Strike 1-1: Foul Ball, location: 2F 1-2: Ball 2-2: Ground out U3 (Groundball, 3, EV 85.6 MPH)
|
| Top of the 8th over - 0 runs, 1 hit, 0 errors, 1 left on base; New Orleans 3 - San Antonio 7 |
| BOTTOM OF THE 8TH |
|
San Antonio Missions batting - Pitching for New Orleans Brass : RHP Todd Burns
|
|
Batting: LHB David Hulse
|
0-0: Called Strike 0-1: Ground out 4-3 (Groundball, 4, EV 83.8 MPH)
|
|
Batting: RHB Eric Owens
|
0-0: Foul Ball, location: 2F 0-1: Foul Ball, location: 2F 0-2: Ball 1-2: Fly out, F8 (Flyball, 78M, EV 92.5 MPH)
|
|
Batting: RHB Damian Jackson
|
0-0: Ball 1-0: Swinging Strike 1-1: Ball 2-1: Reached on error, E5 (Groundball, 6S, EV 85.0 MPH)
|
|
Pitching: RHP Cris Carpenter
|
|
|
Batting: LHB Troy Neel
|
0-0: Ball Damian Jackson steals 2nd base 1-0: Ball 2-0: Ball 3-0: Base on Balls
|
|
Batting: SHB Bill Doran
|
0-0: SINGLE (Groundball, 3D, EV 100.6 MPH) Damian Jackson to third Troy Neel to second Runner from 3rd tries for Home, SAFE, throw by RF to home
|
|
Batting: RHB Kelly Stinnett
|
0-0: Fly out, F7 (Flyball, 7LM, EV 87.5 MPH)
|
| Bottom of the 8th over - 1 run, 1 hit, 1 error, 2 left on base; New Orleans 3 - San Antonio 8 |
| TOP OF THE 9TH |
|
New Orleans Brass batting - Pitching for San Antonio Missions : RHP Bob Scanlan
|
|
Batting: SHB Cecil Espy
|
0-0: Ball 1-0: Ball 2-0: DOUBLE (Line Drive, 7LM, EV 105.0 MPH)
|
|
Batting: SHB Ruben Sierra
|
0-0: Ground out U3 (Groundball, 3, EV 89.4 MPH) Cecil Espy to third
|
|
Batting: RHB Scott Brosius
|
0-0: Fly out, F9 (Flyball, 9S, EV 85.0 MPH)
|
|
Batting: SHB Jose L Cruz
|
0-0: Ball 1-0: Called Strike 1-1: Foul Ball, location: 2F 1-2: Ball 2-2: Strikes out swinging
|
| Top of the 9th over - 0 runs, 1 hit, 0 errors, 1 left on base; New Orleans 3 - San Antonio 8 |
|